 Dungeon Crawl Stone Soup version 0.27.0-1-g7a089689b8 (webtiles) character file.

Game seed: 15233056677461056287

131940 SnakkuSnakku7 the Warrior (level 17, 0/201 HPs)
             Began as an Ogre Delver on Aug 6, 2021.
             Was the Champion of Wu Jian.
             Slain by a +0 short sword of flaming (9 damage)
             ... on level 1 of the Elven Halls.
             The game lasted 01:00:16 (38782 turns).

SnakkuSnakku7 the Warrior (Ogre Delver)            Turns: 38782, Time: 01:00:16

Health: 0/201      AC: 19    Str: 28    XL:     17   Next: 11%
Magic:  17/17      EV: 15    Int: 11    God:    Wu Jian [******]
Gold:   1043       SH:  0    Dex: 13    Spells: 16/16 levels left

rFire    + + .     SeeInvis .   a - +10 dark maul {vorpal}
rCold    + + .     Faith    .   (shield currently unavailable)
rNeg     . . .     Spirit   .   S - +0 fire dragon scales
rPois    .         Reflect  .   (helmet restricted)
rElec    .         Harm     .   E - +1 cloak "Geafuro" {+Blink rC+++ Str+6 Slay-2}
rCorr    .         Rampage  .   (gloves unavailable)
Will     +....                  (boots unavailable)
Stlth    +.........             B - amulet of regeneration
HPRegen  1.43/turn              N - +4 ring of evasion
MPRegen  0.15/turn              h - +4 ring of protection

@: lethally poisoned (0 -> -1), hasted, very quick
A: large, unfitting armour, tough skin 1
a: Renounce Religion, Evoke Blink, Wall Jump, Serpent's Lash, Heavenly Storm


You were on level 1 of the Elven Halls.
You worshipped Wu Jian.
Wu Jian was exalted by your worship.
You visited 5 branches of the dungeon, and saw 25 of its levels.
You also visited: Sewer, Bailey, Gauntlet and Ice Cave.

You collected 3232 gold pieces.
You spent 2189 gold pieces at shops.

Inventory:

Hand Weapons
 a - the +10 dark maul (weapon) {vorpal}
   (You acquired it on level 2 of the Lair of Beasts)

   It inflicts extra damage upon your enemies.
 b - a +7 giant club of venom
Missiles
 o - 23 large rocks (quivered)
 F - a throwing net
Armour
 E - the +1 cloak "Geafuro" (worn) {+Blink rC+++ Str+6 Slay-2}
   (You found it in a Gauntlet)

   Str:       It affects your strength (+6).
   Slay:      It affects your accuracy & damage with ranged weapons and melee
   (-2).
   rC:        It renders you almost immune to cold.
   +Blink:    It lets you blink.
 R - +0 shadow dragon scales
 S - +0 fire dragon scales (worn)
Jewellery
 h - a +4 ring of protection (right hand)
 z - a ring of see invisible
 B - an amulet of regeneration (around neck)
 C - the ring "Taexilat" {rPois rF+}
   (You bought it in a shop on level 8 of the Dungeon)

   [ring of protection from fire]

   rF:        It protects you from fire.
   rPois:     It protects you from poison.
 I - a ring of ice
 M - a +6 ring of strength
 N - a +4 ring of evasion (left hand)
Wands
 g - a wand of digging (8)
 r - a wand of flame (95)
 s - a wand of polymorph (15)
 H - a wand of acid (7)
 J - a wand of iceblast (24)
 K - a wand of paralysis (16)
 L - a wand of mindburst (15)
Scrolls
 c - 4 scrolls of fog
 f - 3 scrolls of identify
 l - 14 scrolls of teleportation
 p - 2 scrolls of enchant armour
 x - 5 scrolls of immolation
 y - 3 scrolls of magic mapping
 A - 7 scrolls of fear
 D - 2 scrolls of silence
 O - 3 scrolls of vulnerability
 P - 3 scrolls of amnesia
 Q - a scroll of holy word
Potions
 e - 4 potions of flight
 i - 2 potions of curing
 j - 4 potions of haste
 k - 2 potions of berserk rage
 m - a potion of cancellation
 n - 10 potions of brilliance
 q - 6 potions of magic
 t - 3 potions of ambrosia
 u - 5 potions of mutation
 v - a potion of resistance
 w - 5 potions of attraction
 G - 4 potions of invisibility


   Skills:
 - Level 20.0 Fighting
 + Level 18.5 Maces & Flails
 - Level 6.0 Throwing
 - Level 11.0 Armour
 - Level 8.0 Dodging
 - Level 3.7 Stealth


You had 16 spell levels left.
You didn't know any spells.
Your spell library contained the following spells:

 Spells                   Type           Power      Damage    Failure   Level
 Animate Skeleton         Necr           0%         N/A       58%         1
 Apportation              Tloc           0%         N/A       58%         1
 Corona                   Hex            0%         N/A       58%         1
 Foxfire                  Conj/Fire      0%         2x1d4     58%         1
 Freeze                   Ice            0%         1d3       58%         1
 Magic Dart               Conj           0%         1d3       58%         1
 Sting                    Tmut/Pois      0%         1d3       58%         1
 Summon Small Mammal      Summ           0%         N/A       58%         1
 Passwall                 Tmut/Erth      0%         N/A       75%         2
 Searing Ray              Conj           0%         3d3       75%         2
 Sublimation of Blood     Necr           0%         N/A       75%         2
 Wereblood                Tmut           0%         N/A       75%         2
 Call Canine Familiar     Summ           0%         N/A       92%         3
 Conjure Flame            Conj/Fire      0%         6-21      92%         3
 Dazzling Flash           Conj/Hex       0%         N/A       92%         3
 Frozen Ramparts          Ice            0%         1d2       92%         3
 Gell's Gravitas          Tloc           0%         N/A       92%         3
 Ignite Poison            Fire/Tmut/Pois 0%         N/A       92%         3
 Inner Flame              Hex/Fire       0%         N/A       92%         3
 Lesser Beckoning         Tloc           0%         N/A       92%         3
 Summon Guardian Golem    Hex/Summ       0%         N/A       92%         3
 Teleport Other           Tloc           0%         N/A       92%         3
 Fulminant Prism          Conj/Hex       0%         3d6       100%        4
 Hailstorm                Conj/Ice       0%         3d3       100%        4
 Passage of Golubria      Tloc           N/A        N/A       100%        4
 Petrify                  Tmut/Erth      0%         N/A       100%        4
 Sticky Flame             Conj/Fire      0%         2d3       100%        4
 Agony                    Necr           0%         N/A       100%        5
 Fireball                 Conj/Fire      0%         3d3       100%        5
 Freezing Cloud           Conj/Ice/Air   0%         6-21      100%        5
 Iskenderun's Battlesphe  Conj           0%         2d6       100%        5
 Metabolic Englaciation   Hex/Ice        0%         N/A       100%        5
 Silence                  Hex/Air        0%         N/A       100%        5
 Conjure Ball Lightning   Conj/Air       0%         3x3d6     100%        6
 Dispersal                Tloc           0%         N/A       100%        6
 Simulacrum               Ice/Necr       0%         N/A       100%        6
 Statue Form              Tmut/Erth      0%         N/A       100%        6
 Dragon Form              Tmut           0%         N/A       100%        7
 Orb of Destruction       Conj           0%         N/A       100%        7
 Summon Hydra             Summ           0%         N/A       100%        7
 Lehudib's Crystal Spear  Conj/Erth      0%         10d2      100%        8
 Polar Vortex             Ice            0%         N/A       100%        9


Dungeon Overview and Level Annotations

Branches:
Dungeon (15/15)            Temple (1/1) D:6            Lair (6/6) D:8
  Swamp (0/4) Lair:3        Snake (0/4) Lair:4        Slime (0/5) Lair:5
    Orc (2/2) D:9             Elf (1/3) Orc:2        Vaults (0/5) D:14
 Depths (0/5) D:15          Sewer (visited)          Bailey (visited)
  IceCv (visited)         Gauntlet (visited)

Altars:
Ashenzari
Cheibriados
Dithmenos
Elyvilon
Fedhas
Gozag
Hepliaklqana
Kikubaaqudgha
Makhleb
Nemelex Xobeh
Okawaru
Qazlal
Ru
Sif Muna
Uskayaw
Vehumet
Wu Jian
Xom
Yredelemnul
Zin
Jiyva

Shops:
D:4 !   D:5 (   D:7 (   D:8 =   Orc:2 =:??

Portals:
Trove: D:13 (give +5 demon blade)


Innate Abilities, Weirdness & Mutations

You are too large for most types of armour.
You have tough skin. (AC +1)


Message History

The deep elf pyromancer points at you and mumbles some strange words.
The sticky flame hits you but does no damage.
You resist.
You are covered in liquid flames!
The +0 short sword of venom hits you but does no damage.
You are more poisoned.
You feel better.
You are covered in liquid flames!
* * * LOW HITPOINT WARNING * * *
The +0 short sword of flaming hits you.
* * * LOW HITPOINT WARNING * * *
The fire elemental hits you. The fire elemental burns you! You resist.
* * * LOW HITPOINT WARNING * * *
The +0 short sword of venom hits you.
* * * LOW HITPOINT WARNING * * *
You are poisoned.
The +0 short sword of flaming hits you.
* * * LOW HITPOINT WARNING * * *
The fire elemental hits you. The fire elemental burns you! You resist.
* * * LOW HITPOINT WARNING * * *
The deep elf pyromancer misses you. The +0 short sword of venom hits you.
* * * LOW HITPOINT WARNING * * *
You feel yourself speed up.
You are covered in liquid flames!
* * * LOW HITPOINT WARNING * * *
You are no longer on fire.
You feel sick. The +0 short sword of flaming hits you.
* * * LOW HITPOINT WARNING * * *
The +0 short sword of venom hits you but does no damage.
You are lethally poisoned!
The fire elemental hits you. The fire elemental burns you! You resist.
* * * LOW HITPOINT WARNING * * *
The +0 short sword of flaming barely misses you.
The deep elf pyromancer closely misses you.
Unknown command.
You feel better.
The +0 short sword of venom hits you but does no damage.
You are poisoned.
The +0 short sword of flaming hits you!
You die...

.. .. #### #### ##..
#(..# #...# ###...
#....#....# .....
?..#.#... ###########
#...#####.#.....)....
#.)(#...#.#..⌠..#..⌠.
#..(@e#...#....)#.... ..
#####E....#..<..#....
#.# ##)##.#.....#....
..#. #....#..⌠.)#..⌠.
..#.#.####.#.#..........
...........###########
...####.....# .....
####..###..# ##....
#..### #.. ##...


You could see a deep elf pyromancer, a fire elemental (summoned) and 2 dancing
weapons.

Vanquished Creatures
  Rupert (D:13)
  Kirke (D:13)
  Agnes (D:14)
  Roxanne (D:14)
  The ghost of collin38 the Warrior, a journeyman MiBe of Trog (D:12)
  Louise (D:14)
  Nessos (Lair:6)
  A minotaur (Gauntlet)
  A dire elephant (Lair:6)
  2 fire dragons (D:15)
  The ghost of Ceyvaan the Thaumaturge, a journeyman DEFE of Sif Muna (Lair:3)
  Harold (D:9)
  An ice dragon (D:15)
  Erica (D:11)
  The ghost of Godstar23 the Destroyer, a journeyman DrCj of Sif Muna (Orc:1)
  16 hydras
  3 boulder beetles
  A catoblepas (Lair:6)
  An ogre mage (Orc:2)
  The ghost of Smaepdii the Destroyer, a journeyman DrCj of Vehumet (D:12)
  A centaur warrior (D:13)
  2 dancing weapons (D:13)
  A death knight (D:13)
  9 two-headed ogres
  4 orc high priests (Orc:2)
  A tengu warrior (D:15)
  Urug (Orc:2)
  Nergalle (Orc:1)
  A deep elf knight (Elf:1)
  6 skeletal warriors
  A wretched star (Gauntlet)
  The ghost of suduhmizer the Cleaver, a novice MiBe of Trog (D:5)
  2 lindwurms (Lair:6)
  Pikel (D:5)
  6 deep elf pyromancers
  A deep elf zephyrmancer (Elf:1)
  2 oklob plants (Lair:3)
  5 orc sorcerers
  8 orc knights
  20 ugly things
  3 manticores
  A salamander (shapeshifter) (Gauntlet)
  5 cyclopes
  11 elephants (Lair:5)
  An elephant (shapeshifter) (Gauntlet)
  Joseph (D:9)
  7 black mambas
  4 ice statues
  A black mamba (shapeshifter) (Gauntlet)
  A storm dragon simulacrum (D:15)
  15 cane toads
  An unseen horror (D:10)
  2 efreet
  A tengu conjurer (D:15)
  8 rime drakes
  5 komodo dragons
  An entropy weaver simulacrum (IceCv)
  2 trolls
  2 hornets
  7 slime creatures
  10 blink frogs
  Grinder (D:3)
  16 polar bears
  Prince Ribbit (D:5)
  2 raiju (Lair:6)
  A shadow (D:12)
  3 wraiths
  Sigmund (D:2)
  4 wyverns
  A dire elephant simulacrum (IceCv)
  44 yaks
  Eustachio (D:4)
  A human (D:9)
  10 basilisks
  2 steam dragons
  A death yak simulacrum (IceCv)
  A neqoxec (Gauntlet)
  A harpy simulacrum (IceCv)
  8 wargs
  21 vampire mosquitoes
  Duvessa (D:3)
  A naga (Lair:4)
  A floating eye (shapeshifter) (Gauntlet)
  6 water moccasins
  15 hell hounds (Lair:6)
  4 ice beasts
  29 orc warriors
  13 black bears
  6 necrophages
  19 wolves
  12 ogres
  6 centaurs
  A lemure (D:5)
  3 phantoms
  Blork the orc (D:5)
  3 kobold brigands
  11 bullfrogs
  4 gnoll sergeants
  An earth elemental (Elf:1)
  2 cane toad simulacra (IceCv)
  A wyvern zombie (D:5)
  5 scorpions
  A small abomination (Gauntlet)
  A water moccasin zombie (D:6)
  Dowan (D:4)
  23 killer bees
  A water moccasin skeleton (D:5)
  9 wights
  2 jellies
  2 electric eels
  9 centaur zombies
  A bullfrog zombie (D:5)
  18 orc priests
  2 centaur skeletons (D:7)
  5 hounds
  Ijyb (D:3)
  19 orc wizards
  Natasha (thrice) (D:3)
  3 iguanas
  A scorpion zombie (D:5)
  A polar bear simulacrum (IceCv)
  A wolf simulacrum (IceCv)
  A hound zombie (D:5)
  3 hound skeletons (D:5)
  Robin (D:4)
  4 howler monkey zombies
  A howler monkey skeleton (D:5)
  27 gnolls
  13 adders
  3 river rats (Sewer)
  A shadow imp (D:6)
  2 white imps
  An ufetubus (D:4)
  3 worms (D:3)
  90 orcs
  16 bats
  9 endoplasms
  2 giant cockroaches
  44 goblins
  28 hobgoblins
  4 jackals
  A quokka (D:2)
  6 ball pythons
  9 frilled lizards
  22 kobolds
  12 rats
  A plant (Lair:6)
874 creatures vanquished.

Vanquished Creatures (others)
  2 humans
  A jelly (D:6)
  2 orcs
  23 fungi
  31 plants
  6 withered plants (D:12)
65 creatures vanquished.

Grand Total: 939 creatures vanquished

Notes
Turn   | Place    | Note
-------+----------+-------------------------------------------
     0 | D:5      | SnakkuSnakku7 the Ogre Delver began the quest for the Orb.
     0 | D:5      | Reached XP level 1. HP: 24/24 MP: 1/1
    11 | D:5      | Noticed Prince Ribbit
    13 | D:5      | Noticed suduhmizer's ghost (novice MiBe)
    70 | D:5      | Noticed a scorpion
    71 | D:5      | Noticed a jelly
    73 | D:5      | Noticed an ogre
    92 | D:5      | Noticed Blork the orc
   283 | D:4      | Reached XP level 2. HP: 11/32 MP: 2/2
   718 | D:3      | Reached XP level 3. HP: 37/39 MP: 3/3
   899 | D:3      | Found a glowing drain.
   926 | Sewer    | Entered a sewer
   948 | Sewer    | Reached XP level 4. HP: 27/48 MP: 4/4
  1400 | Sewer    | Noticed a kobold brigand
  1439 | Sewer    | Killed a kobold brigand
  1440 | Sewer    | Reached XP level 5. HP: 21/54 MP: 5/5
  1663 | Sewer    | Found a white marble altar of Elyvilon.
  1761 | D:2      | Noticed Sigmund
  1801 | D:3      | Noticed Grinder
  1811 | D:2      | Noticed an ogre
  1854 | D:2      | Killed an ogre
  1855 | D:2      | Reached XP level 6. HP: 18/62 MP: 6/6
  2900 | D:2      | Killed Sigmund
  3585 | D:2      | Found a faded altar of an unknown god.
  3632 | D:3      | Reached XP level 7. HP: 65/70 MP: 7/7
  3894 | D:3      | Noticed Natasha
  3901 | D:3      | Killed Natasha
  3942 | D:3      | Reached skill level 5 in Throwing
  4034 | D:3      | Killed Grinder
  4035 | D:3      | Reached skill level 5 in Maces & Flails
  4072 | D:3      | Noticed Natasha
  4083 | D:3      | Killed Natasha
  4105 | D:3      | Noticed Ijyb
  4140 | D:3      | Killed Ijyb
  4288 | D:3      | Noticed Natasha
  4299 | D:3      | Killed Natasha
  4603 | D:4      | Noticed Robin
  4902 | D:4      | Killed Robin
  5063 | D:4      | Noticed a yak
  5066 | D:4      | Noticed a yak
  5066 | D:4      | Noticed a yak
  5082 | D:4      | Noticed a yak
  5094 | D:3      | Killed a yak
  5095 | D:3      | Reached XP level 8. HP: 21/78 MP: 8/8
  5366 | D:4      | Noticed Duvessa
  5392 | D:4      | Noticed Dowan
  5422 | D:4      | Killed Dowan
  5593 | D:3      | Killed Duvessa
  5963 | D:4      | Found Hiraum's Distillery.
  5970 | D:4      | Bought 2 potions of degeneration for 24 gold pieces
  5971 | D:4      | Bought a potion of heal wounds for 60 gold pieces
  5971 | D:4      | Bought a potion of lignification for 36 gold pieces
  6006 | D:4      | Noticed Eustachio
  6275 | D:4      | Killed Eustachio
  6464 | D:4      | Noticed a yak
  6468 | D:4      | Noticed a yak
  6478 | D:4      | Killed a yak
  6524 | D:3      | Killed a yak
  6908 | D:4      | Killed a yak
  6909 | D:4      | Reached XP level 9. HP: 52/84 MP: 9/9
  7775 | D:5      | Reached skill level 10 in Maces & Flails
  8767 | D:5      | Noticed Pikel
  8776 | D:5      | Killed Pikel
  8830 | D:5      | Killed Prince Ribbit
  8831 | D:5      | Reached XP level 10. HP: 21/92 MP: 10/10
  9145 | D:5      | Found a runed translucent door.
  9215 | D:5      | Found a sacrificial altar of Ru.
  9493 | D:5      | Found Casol's Weapon Boutique.
 10137 | D:5      | Killed Blork the orc
 10707 | D:6      | Found a staircase to the Ecumenical Temple.
 10720 | Temple   | Entered the Ecumenical Temple
 11465 | D:7      | Found a flagged portal.
 11466 | D:7      | Noticed a cyclops
 11722 | Bailey   | Entered a bailey
 12800 | Bailey   | Noticed an orc knight
 12815 | Bailey   | Killed an orc knight
 12831 | Bailey   | Acquired a manual of Armour
 13082 | Bailey   | Noticed an orc knight
 13084 | Bailey   | Noticed an orc knight
 13132 | Bailey   | Killed an orc knight
 13133 | Bailey   | Reached XP level 11. HP: 81/100 MP: 11/11
 13141 | Bailey   | Killed an orc knight
 13598 | Bailey   | Reached skill level 12 in Fighting
 13598 | Bailey   | Reached XP level 12. HP: 132/132 MP: 12/12
 13692 | D:7      | Found Hekkoash's Weapon Shoppe.
 14993 | D:8      | Found a staircase to the Lair.
 15588 | D:8      | Found Onkeowomp's Jewellery Shoppe.
 15596 | D:8      | Bought the ring "Taexilat" {rPois rF+} for 543 gold pieces
 15952 | D:8      | Found an opulent altar of Gozag.
 15954 | D:8      | Found a hide-covered altar of Uskayaw.
 16538 | D:9      | Noticed Harold
 16555 | D:9      | Killed Harold
 16813 | D:9      | Found a staircase to the Orcish Mines.
 17220 | D:9      | Reached skill level 15 in Maces & Flails
 17250 | D:9      | Noticed Joseph
 17259 | D:9      | Killed Joseph
 17644 | D:9      | Noticed a two-headed ogre
 17717 | D:8      | HP: 5/131 [killer bee (3)]
 18285 | D:9      | Killed a two-headed ogre
 18590 | D:8      | Found an ornate altar of the Wu Jian Council.
 18590 | D:8      | Found a glowing silver altar of Zin.
 18593 | D:8      | Found a burning altar of Makhleb.
 18606 | D:8      | Became a worshipper of the Wu Jian Council
 18657 | D:10     | Entered Level 10 of the Dungeon
 18699 | D:10     | Noticed a two-headed ogre
 19137 | D:4      | Bought a potion of haste for 120 gold pieces
 19137 | D:4      | Bought a potion of curing for 36 gold pieces
 19137 | D:4      | Bought a potion of berserk rage for 60 gold pieces
 19137 | D:4      | Bought a potion of ambrosia for 96 gold pieces
 20038 | D:10     | Identified the +0 pair of gloves of Nihilism {rElec rPois
                  | SInv}
 20067 | D:10     | Reached XP level 13. HP: 133/140 MP: 13/13
 20601 | Lair:1   | Entered Level 1 of the Lair of Beasts
 21183 | Lair:1   | Reached * piety under Wu Jian
 21804 | Lair:2   | Acquired the +10 dark maul {vorpal}
 21805 | Lair:2   | Found the +10 dark maul {vorpal}
 22997 | Lair:3   | Found a large runed translucent door.
 23004 | Lair:3   | Found a large runed translucent door.
 23008 | Lair:3   | Noticed Ceyvaan's ghost (journeyman DEFE)
 23408 | Lair:3   | Reached ** piety under Wu Jian
 23768 | Lair:3   | Found a staircase to the Swamp.
 24119 | Lair:3   | Killed Ceyvaan's ghost
 24196 | Lair:4   | HP: 5/140 [five-headed hydra (6)]
 24198 | Lair:4   | Reached XP level 14. HP: 5/149 MP: 14/14
 24758 | Lair:4   | Reached skill level 5 in Armour
 25178 | Lair:4   | Found a staircase to the Snake Pit.
 25818 | Lair:5   | Found a viscous altar of Jiyva.
 25818 | Lair:5   | Found a staircase to the Slime Pits.
 27018 | Lair:6   | Entered Level 6 of the Lair of Beasts
 27059 | Lair:6   | Reached skill level 10 in Armour
 27065 | Lair:6   | Reached *** piety under Wu Jian
 28049 | Lair:6   | Noticed a dire elephant
 28110 | Lair:6   | Killed a dire elephant
 28136 | Lair:6   | Identified the +9 long sword of Immorality {vorpal, Fragile
                  | rPois rC+ SInv}
 28541 | Lair:6   | Noticed Nessos
 28551 | Lair:6   | Killed Nessos
 28581 | Lair:6   | Reached skill level 5 in Dodging
 28745 | Lair:6   | Reached **** piety under Wu Jian
 28746 | Lair:6   | Reached XP level 15. HP: 133/156 MP: 15/15
 29312 | Lair:6   | Reached ***** piety under Wu Jian
 29776 | D:5      | Killed suduhmizer's ghost
 30483 | D:11     | Noticed Erica
 30494 | D:11     | Killed Erica
 30822 | D:11     | Reached skill level 13 in Fighting
 31425 | D:12     | Found a runed translucent gate.
 31425 | D:12     | Found a runed translucent gate.
 31425 | D:12     | Found a runed translucent gate.
 31426 | D:12     | Noticed Smaepdii's ghost (journeyman DrCj)
 31427 | D:12     | Noticed collin38's ghost (journeyman MiBe)
 31649 | D:12     | Killed Smaepdii's ghost
 31673 | D:12     | Killed collin38's ghost
 31911 | Orc:1    | Entered Level 1 of the Orcish Mines
 31988 | Orc:1    | Reached skill level 14 in Fighting
 31996 | Orc:1    | Noticed Nergalle
 32003 | Orc:1    | Killed Nergalle
 32035 | Orc:1    | Found a frozen archway.
 32042 | IceCv    | Entered an ice cave
 32841 | Orc:2    | Entered Level 2 of the Orcish Mines
 32999 | Orc:2    | Noticed Urug
 33006 | Orc:2    | Killed Urug
 33013 | Orc:2    | Reached skill level 15 in Fighting
 33504 | Orc:2    | Reached ****** piety under Wu Jian
 33962 | Orc:1    | Found a large runed translucent door.
 33962 | Orc:1    | Found a large runed translucent door.
 33966 | Orc:1    | Noticed Godstar23's ghost (journeyman DrCj)
 34042 | Orc:1    | Killed Godstar23's ghost
 34338 | Orc:2    | Reached skill level 16 in Fighting
 34669 | Orc:2    | Reached XP level 16. HP: 178/179 MP: 16/16
 34678 | Orc:2    | Found a staircase to the Elven Halls.
 35032 | Orc:2    | Found Iqusat's Magic Scroll Shop.
 35032 | Orc:2    | Found Zaprun's Magic Scroll Emporium.
 35038 | Orc:2    | Found Hemof's Book Shop.
 35038 | Orc:2    | Found Bethru's Jewellery Emporium.
 35047 | Orc:2    | Bought an amulet of regeneration for 450 gold pieces
 35060 | Orc:2    | Bought a scroll of enchant weapon for 97 gold pieces
 35060 | Orc:2    | Bought a scroll of teleportation for 39 gold pieces
 35060 | Orc:2    | Bought a scroll of fear for 45 gold pieces
 35065 | Orc:2    | Bought a scroll of brand weapon for 260 gold pieces
 35065 | Orc:2    | Bought a scroll of fear for 45 gold pieces
 35065 | Orc:2    | Bought a scroll of enchant weapon for 97 gold pieces
 35065 | Orc:2    | Bought a scroll of enchant weapon for 97 gold pieces
 35065 | Orc:2    | Bought a scroll of teleportation for 39 gold pieces
 35065 | Orc:2    | Bought a scroll of fear for 45 gold pieces
 35304 | D:13     | Noticed Rupert
 35311 | D:13     | Killed Rupert
 35312 | D:13     | Reached skill level 17 in Fighting
 35389 | D:13     | Found a portal to a secret trove of treasure.
 35922 | D:14     | Noticed Kirke
 36005 | D:13     | Killed Kirke
 36006 | D:13     | Reached skill level 18 in Fighting
 36189 | D:14     | Found a gate to the Vaults.
 36458 | D:14     | Found an ornate altar of the Wu Jian Council.
 36591 | D:14     | Noticed Agnes
 36592 | D:14     | Identified Roxanne's Papyrus of Shape Shifting
 36592 | D:14     | Noticed Roxanne
 36603 | D:14     | Killed Agnes
 36610 | D:14     | Noticed Louise
 36633 | D:14     | Killed Louise
 36634 | D:14     | Reached skill level 19 in Fighting
 36839 | D:15     | Entered Level 15 of the Dungeon
 36925 | D:15     | Found a gate leading to a gauntlet.
 36932 | Gauntlet | Entered a Gauntlet
 36932 | Gauntlet | Found a transporter.
 36932 | Gauntlet | Found a transporter.
 36939 | Gauntlet | Found a transporter.
 36952 | Gauntlet | Found a transporter.
 36966 | Gauntlet | Found a transporter.
 36979 | Gauntlet | Found a transporter.
 36995 | Gauntlet | Found a transporter.
 37070 | Gauntlet | Found a transporter.
 37070 | Gauntlet | Found a transporter.
 37080 | Gauntlet | Found a transporter.
 37085 | Gauntlet | Found a transporter.
 37094 | Gauntlet | Found a transporter.
 37152 | Gauntlet | Found a transporter.
 37198 | Gauntlet | Found a large runed translucent door.
 37213 | Gauntlet | Found a transporter.
 37216 | Gauntlet | Found a large runed translucent door.
 37217 | Gauntlet | Found a large runed translucent door.
 37217 | Gauntlet | Found a large runed translucent door.
 37217 | Gauntlet | Found a runed translucent door.
 37217 | Gauntlet | Found a runed translucent door.
 37218 | Gauntlet | Found a large runed translucent door.
 37219 | Gauntlet | Found a large runed translucent door.
 37220 | Gauntlet | Found a large runed translucent door.
 37220 | Gauntlet | Found a large runed translucent door.
 37221 | Gauntlet | Found a large runed translucent door.
 37221 | Gauntlet | Found a large runed translucent door.
 37221 | Gauntlet | Found a large runed translucent door.
 37221 | Gauntlet | Found a large runed translucent door.
 37222 | Gauntlet | Found a large runed translucent door.
 37222 | Gauntlet | Found a large runed translucent door.
 37223 | Gauntlet | Found a large runed translucent door.
 37223 | Gauntlet | Found a large runed translucent door.
 37257 | Gauntlet | Found a runed translucent gate.
 37266 | Gauntlet | Identified the +1 cloak "Geafuro" {+Blink rC+++ Str+6
                  | Slay-2}
 37280 | Gauntlet | Found a transporter.
 37280 | Gauntlet | Found a runed translucent gate.
 37281 | Gauntlet | Found a runed translucent gate.
 37289 | Gauntlet | Found a transporter.
 37521 | D:15     | Reached skill level 20 in Fighting
 37707 | D:15     | Found a broken altar of Ashenzari.
 38067 | D:15     | Reached XP level 17. HP: 145/201 MP: 17/17
 38067 | D:15     | Found a staircase to the Depths.
 38367 | D:14     | Killed Roxanne
 38368 | D:14     | Found a stormy altar of Qazlal.
 38621 | Elf:1    | Entered Level 1 of the Elven Halls
 38776 | Elf:1    | HP: 5/201 [+0 short sword of flaming (9)]
 38781 | Elf:1    | HP: 7/201 [burnt (2)]
 38781 | Elf:1    | HP: 3/201 [fire elemental[a deep elf pyromancer] (1)]
 38782 | Elf:1    | Slain by a +0 short sword of flaming

Illustrated notes

Levels and vault maps discovered:
D:1:      kilobyte_arrival_exit_the_forest, layout_basic
D:2:      layout_basic, shapermc_ecumenical_altar_petra, uniq_sigmund
D:3:      layout_loops_ring, lightli_sewer_entry_pipes, uniq_natasha,
          uniq_grinder, uniq_ijyb
D:4:      layout_gridville, serial_shops, nicolae_shop_window_shopping,
          uniq_robin, uniq_duvessa, uniq_eustachio
D:5:      minmay_polygon_palace, layout_basic, lemuel_crystal_altar,
          serial_shops, shop, hellmonk_ghost_happy_afterlife,
          minmay_diced_spiral, uniq_prince_ribbit1, uniq_blork_the_orc,
          uniq_pikel
D:6:      minmay_octagon_keep, layout_rooms, minmay_temple_entry_wispy,
          serial_glass, glass_columns_c, glass_columns_b, grunt_ministairs_11
D:7:      minmay_recursive_quarters, layout_rooms, enter_bailey_5, serial_shops,
          kennysheep_mini_moat, st_stairs_10
D:8:      layout_basic, nicolae_overflow_hidden_temple,
          erik_lair_orcish_takeover, serial_shops, shop, serial_aquarium,
          aquarium_bridge_square [aquarium_subvault_bridge,
          aquarium_subvault_bridge, aquarium_subvault_window,
          aquarium_subvault_wall], aquarium_window_2, aquarium_window_fake,
          aquarium_window_1, aquarium_window_fake, aquarium_view_2d,
          aquarium_balcony_1a, aquarium_pool_1
D:9:      layout_long_grid, erik_orc_4, grunt_potential, uniq_harold,
          uniq_joseph
D:10:     layout_roguey
D:11:     layout_irregular_city, uniq_erica
D:12:     layout_roguey, gammafunk_ghost_cemetery
D:13:     layout_rooms, nicolae_trove_entry_isolated, uniq_rupert
D:14:     layout_layer_cave, erik_vaults_1, nzn_wu_jian_contemplation,
          grunt_ministairs_9, nicolae_qazlal_scattered_showers, uniq_roxanne,
          uniq_kirke, uniq_louise, uniq_agnes
D:15:     grunt_enter_depths_hoard, layout_stronghold, gauntlet_entry_generic,
          cheibrodos_ashenzari_chains, minmay_misc_feat_plants
Temple:   eino_temple_scatter_basement
Lair:1:   layout_concentric_octagons, minivault_19
Lair:2:   layout_regular_city, minivault_19
Lair:3:   layout_regular_city, minmay_swamp_entry_swarm,
          ebering_ghost_disaster_area, grunt_megastairs_4,
          minmay_lair_oklob_chamber
Lair:4:   layout_cave_pods, guppyfry_snake_entry_garden, grunt_megastairs_3,
          serial_bayou_shore_a
Lair:5:   beast_lair_carwin_large_3, layout_cave_pods,
          dpeg_slime_entry_enclosed_altar
Lair:6:   hangedman_lair_in_review, layout_cave_pods,
          hangedman_lair_caniforms_friends, uniq_nessos
Orc:1:    layout_caves, ebering_ghost_disaster_area, portal_ice_cave_rime,
          roderic_batcave, uniq_nergalle
Orc:2:    grunt_orc_tribal_feast, layout_diamond_mine, uniq_urug
Elf:1:    nicolae_elf_arrival_fired_up, layout_loops_corners, basic_altar,
          hangedman_elven_crosses_minicolossus, drop_trap

Skill      XL: |  1  2  3  4  5  6  7  8  9 10 11 12 13 14 15 16 |
---------------+-------------------------------------------------+-----
Maces & Flails | 2 3 4 6 8 11 13 15 18 | 18.5
Throwing       | 2 4 6 |  6.0
Fighting       | 12 16 20 | 20.0
Dodging        | 2 5 8 |  8.0
Armour         | 2 11 | 11.0
Stealth        | |  3.7

Action                   |  1- 3 |  4- 6 |  7- 9 | 10-12 | 13-15 | 16-18 || total
-------------------------+-------+-------+-------+-------+-------+-------++-------
Melee: Mace              |    79 |    53 |       |       |       |       ||   132
       Dagger            |       |    30 |       |       |       |       ||    30
       Spear             |       |    68 |   220 |       |       |       ||   288
       Unarmed           |       |       |     3 |       |       |       ||     3
       Giant club        |       |       |    97 |   682 |   148 |       ||   927
       Maul              |       |       |       |       |   558 |   230 ||   788
Throw: Dart              |       |     5 |       |    38 |       |       ||    43
       Large rock        |       |       |     2 |     3 |    36 |       ||    41
       Throwing net      |       |       |       |       |     1 |       ||     1
Invok: Lunge             |       |       |       |     2 |    30 |     7 ||    39
       Whirlwind         |       |       |       |       |    14 |     4 ||    18
Evoke: Wand              |       |       |     3 |    10 |     9 |     1 ||    23
  Use: Potion            |     3 |       |     5 |    10 |     2 |     5 ||    25
       Scroll            |     2 |       |     7 |     9 |    10 |     7 ||    35
 Stab: Sleeping          |     4 |    10 |     4 |     9 |    12 |     4 ||    43
       Distracted        |       |       |       |     1 |     5 |     2 ||     8
       Paralysed         |       |       |       |       |     2 |       ||     2
       Held in net/web   |       |       |       |       |     1 |       ||     1
Armor: Robe              |    23 |    22 |    63 |    53 |       |       ||   161
       Skin              |       |       |     5 |    44 |    12 |       ||    61
       Steam dragon scal |       |       |       |    49 |    98 |       ||   147
       Shadow dragon sca |       |       |       |       |   540 |   159 ||   699
       Fire dragon scale |       |       |       |       |       |    62 ||    62
Dodge: Dodged            |    62 |    55 |   128 |   351 |   773 |   222 ||  1591
Block: Other             |       |       |       |       |    98 |     1 ||    99
       Reflection        |       |       |       |       |     3 |       ||     3
